 Dungeon Crawl Stone Soup version 0.26-a0-1033-gd598b01645 (webtiles) character file.

Game seed: 9117337723856614876

462 tzalcoatl the Shield-Bearer (level 7, -7/46 HPs)
             Began as a Halfling Abyssal Knight on Dec 10, 2020.
             Was a Believer of Lugonu.
             Killed by divine providence
             ... invoked by an orc priest
              (15 damage)
             ... on level 4 of the Dungeon.
             The game lasted 00:23:26 (3991 turns).

tzalcoatl the Shield-Bearer (HaAK)                  Turns: 3991, Time: 00:23:26

Health: -7/46      AC:  6    Str: 21    XL:     7   Next: 28%
Magic:  9/9        EV: 15    Int:  6    God:    Lugonu [**....]
Gold:   197        SH:  6    Dex: 14    Spells: 6/6 levels left

rFire    . . .     SeeInvis .   b - +0 hunting sling
rCold    . . .     Faith    .   v - +0 buckler
rNeg     . . .     Spirit   .   g - +2 leather armour {Will+}
rPois    .         Reflect  .   (no helmet)
rElec    .         Harm     .   (no cloak)
rCorr    .         Rampage  .   D - +0 pair of gloves
Will     +....                  (no boots)
Stlth    +.........             (no amulet)
HPRegen  0.15/turn              l - +6 ring of strength
MPRegen  0.11/turn              F - -4 ring of intelligence (curse)

@: no status effects
A: small, mutation resistance 1
a: Depart the Abyss, Bend Space, Renounce Religion


You were on level 4 of the Dungeon.
You worshipped Lugonu.
Lugonu was pleased with you.
You visited 1 branch of the dungeon, and saw 4 of its levels.
You visited the Abyss 1 time.

You collected 197 gold pieces.

Inventory:

Hand Weapons
 a - a +1 falchion
 b - a +0 hunting sling (weapon)
 f - a +0 rapier
Missiles
 e - 27 sling bullets (quivered ammo)
 k - 78 stones
 m - 4 poisoned darts
 u - 8 boomerangs
Armour
 g - a +2 leather armour of willpower (worn)
 v - a +0 buckler (worn)
 x - a +0 scale mail
 D - a +0 pair of gloves (worn)
Jewellery
 j - an uncursed ring of fire
 l - a +6 ring of strength (left hand)
 F - a cursed -4 ring of intelligence (right hand)
Scrolls
 c - a scroll of amnesia {unknown}
 d - a scroll of blinking {unknown}
 n - a scroll of remove curse {unknown}
 o - 4 scrolls of teleportation
 r - 4 scrolls of identify {unknown}
 y - a scroll of noise {unknown}
 z - a scroll of immolation {unknown}
 E - a scroll of enchant armour {unknown}
Potions
 h - a potion of heal wounds {unknown}
 i - a potion of degeneration {unknown}
 p - 2 potions of lignification
 q - a potion of flight {unknown}
 s - a potion of attraction {unknown}
 t - 4 potions of brilliance
 A - a potion of might
 B - a potion of haste {unknown}
 C - a potion of curing


   Skills:
 - Level 3.1 Fighting
 - Level 3.5(4.5) Short Blades
 * Level 3.5(4.0) Long Blades
 - Level 2.1 Armour
 + Level 3.5 Dodging
 * Level 3.6 Shields
 - Level 3.0 Invocations


You had 6 spell levels left.
You didn't know any spells.
Your spell library was empty.

Dungeon Overview and Level Annotations

Branches:
Dungeon (4/15)
 Temple: D:4-7

Altars:
Dithmenos
Ru
Uskayaw


Innate Abilities, Weirdness & Mutations

You are small and have problems with some larger weapons.
You are somewhat resistant to further mutation.


Message History

The magic dart hits you.
* * * LOW HITPOINT WARNING * * *
It was a potion of brilliance.
You feel clever all of a sudden.
It was a potion of curing.
You feel better.
It was a potion of cancellation.
Your magical effects are unravelling.
You feel magically purged.
You feel less wooden.
Your +0 pair of gloves unmelds from your body.
Your +2 leather armour of willpower unmelds from your body.
You feel strong-willed.
You feel a little less clever now. Space bends around you!
You blink.
The orc wizard gestures wildly while chanting.
The orc wizard flickers and vanishes!
Deactivating autopickup; reactivate with Ctrl-A.
The orc priest mumbles some strange prayers to Beogh against you.
Beogh smites you!
You die...

########............#.....#......
...................#.....#......
...................#.....# .
...................####### .
.........##........####### .
.........##................
.........##................
...........................
.^.............@...........
######.......###.......... ###
#.......# #.......... ###..
......<...# #.o(..#######....
..........# #.....# ##.......
...........# #....o# #...#....
...........#######{###..>#....
.....................o.......
......................o.....


You could see an orc priest and an orc wizard.

Vanquished Creatures
  A phantom (D:4)
  The ghost of Maimakterion the Grave Robber, a weakling DsWn (D:3)
  A hound (D:2)
  2 orc wizards (D:3)
  Jessica (D:3)
  2 worker ants (D:4)
  A killer bee zombie (D:3)
  A worker ant zombie (D:3)
  A howler monkey zombie (D:3)
  5 adders
  2 oozes
  An adder skeleton (D:4)
  A worm (D:2)
  3 leopard geckos
  5 orcs (D:3)
  A ball python (D:2)
  8 bats
  3 giant cockroaches
  3 goblins
  8 hobgoblins
  2 jackals (D:3)
  5 kobolds
  2 quokkas
  4 frilled lizards
  11 rats
75 creatures vanquished.

Notes
Turn   | Place    | Note
-------+----------+-------------------------------------------
     0 | Abyss:1  | tzalcoatl the Halfling Abyssal Knight began the quest for
                  | the Orb.
     0 | Abyss:1  | Reached XP level 1. HP: 15/15 MP: 2/2
    21 | Abyss:1  | Noticed an iron imp
    28 | Abyss:1  | Found a corrupted altar of Lugonu.
    42 | D:1      | Escaped the Abyss
   218 | D:1      | Reached skill level 1 in Short Blades
   218 | D:1      | Reached XP level 2. HP: 20/20 MP: 3/3
   810 | D:2      | Reached XP level 3. HP: 25/25 MP: 4/4
   819 | D:2      | Reached XP level 4. HP: 23/31 MP: 5/5
  1340 | D:2      | Found a hide-covered altar of Uskayaw.
  1641 | D:2      | Found a shadowy altar of Dithmenos.
  1644 | D:2      | Reached ** piety under Lugonu
  1655 | D:2      | Found a sacrificial altar of Ru.
  2057 | D:3      | Reached XP level 5. HP: 33/36 MP: 7/7
  2094 | D:3      | Noticed Jessica
  2139 | D:3      | Found a faded altar of an unknown god.
  2228 | D:3      | Reached skill level 1 in Shields
  2509 | D:3      | Found a runed translucent gate.
  2510 | D:3      | Found a runed translucent gate.
  2510 | D:3      | Found a runed translucent gate.
  2510 | D:3      | Noticed Maimakterion's ghost (weakling DsWn)
  2761 | D:3      | Reached XP level 6. HP: 36/42 MP: 8/8
  2958 | D:3      | Killed Jessica
  3261 | D:3      | Killed Maimakterion's ghost
  3446 | D:4      | Noticed a phantom
  3510 | D:4      | Killed a phantom
  3511 | D:4      | Reached XP level 7. HP: 37/46 MP: 9/9
  3991 | D:4      | Killed from afar by an orc priest

Illustrated notes

Levels and vault maps discovered:
D:1:      matt_arrival_los_fun, layout_loops_ring, serial_glass,
          glass_columns_c, glass_columns_a, glass_columns_a, glass_columns_a,
          glass_columns_a, glass_columns_a, glass_columns_a, glass_columns_a,
          st_stairs_4
D:2:      wander_river, layout_loops_ring, nicolae_overflow_hidden_temple,
          kennysheep_flooded_box
D:3:      layout_loops_ring, chequers_ecumenical_altar_simple,
          gammafunk_ghost_necromancy, kennysheep_generic_room_5, uniq_jessica
D:4:      layout_basic, kennysheep_okawaru_gauntlet, skrybe_limestone_x

Skill      XL: |  1  2  3  4  5  6 |
---------------+-------------------+-----
Short Blades   | 1 2 3 |  3.5
Fighting       | 3 |  3.1
Dodging        | 2 3 |  3.5
Shields        | 2 3 |  3.6
Invocations    | 3 |  3.0
Long Blades    | 3 |  3.5
Armour         | |  2.1

Action                   |  1- 3 |  4- 6 |  7- 9 || total
-------------------------+-------+-------+-------++-------
Melee: Falchion          |    44 |   205 |    19 ||   268
 Fire: Hunting sling     |       |    52 |     1 ||    53
Throw: Dart              |       |       |     4 ||     4
Invok: Bend Space        |       |       |     1 ||     1
  Use: Scroll            |       |     1 |       ||     1
       Potion            |       |       |     4 ||     4
Armor: Ring mail         |    16 |    28 |       ||    44
       Scale mail        |       |    33 |     7 ||    40
Dodge: Dodged            |    36 |   113 |    11 ||   160
Block: Buckler           |       |    22 |     4 ||    26
       Rpst.: Falchion   |    11 |    29 |     4 ||    44

Table legend: (Time is in decaauts)
 A = Elapsed time spent in this place.
 B = Non-inter-level travel time spent in this place.
 C = Inter-level travel time spent in this place.
 D = Time resting spent in this place.
 E = Time spent auto-exploring this place.
 F = Levels seen in this place.
 G = Mean time per level.
                   A        B        C        D        E       F      G
               +--------+--------+--------+--------+--------+-----+--------+
         Total |   4055 |   3976 |     79 |    612 |   2249 |   5 |  811.0 |
       Dungeon |   4013 |   3934 |     79 |    612 |   2249 |   4 | 1003.2 |
         Abyss |     42 |     42 |      0 |      0 |      0 |   1 |   42.0 |
               +--------+--------+--------+--------+--------+-----+--------+

Top non-repeatable levels by time:
     D:3: 1354 daAuts
     D:2: 1347 daAuts
     D:1: 743 daAuts
     D:4: 567 daAuts
 Abyss:1: 42 daAuts
